 Dungeon Crawl Stone Soup version 0.28.0-45-g0d030f2227 (webtiles) character file.

Game seed: 1909398752507415805

39 protoss039 the Sneak (level 3, 0/16 HPs)
             Began as a Spriggan Enchanter on Apr 11, 2022.
             Succumbed to a scorpion's poison
             ... on level 2 of the Dungeon.
             The game lasted 00:02:13 (2069 turns).

protoss039 the Sneak (Spriggan Enchanter)           Turns: 2069, Time: 00:02:13

Health: 0/16       AC:  2    Str:  4    XL:     3   Next: 26%
Magic:  4/8        EV: 18    Int: 16    God:
Gold:   55         SH:  0    Dex: 17    Spells: 6/8 levels left

rFire   . . .      SeeInvis +   a - +1 dagger
rCold   . . .      Faith    .   (no shield)
rNeg    . . .      Spirit   .   b - +0 robe
rPois   .          Reflect  .   (helmet restricted)
rElec   .          Harm     .   (no cloak)
rCorr   .          Rampage  .   (gloves unavailable)
Will    .....                   (boots unavailable)
Stlth   +++.......              (no amulet)
HPRegen 0.05/turn               (no ring)
MPRegen 0.11/turn               (no ring)

@: lethally poisoned (0 -> -23), very quick
A: very small, no large weapons, unfitting armour, see invisible, speed 3
a: no special abilities


You were on level 2 of the Dungeon.
You visited 1 branch of the dungeon, and saw 2 of its levels.

You collected 55 gold pieces.

Inventory:

Hand Weapons
 a - a +1 dagger (weapon)
Armour
 b - a +0 robe (worn)
Scrolls
 d - 3 scrolls of identify {unknown}
 e - a scroll of fog {unknown}
 f - a scroll of fear {unknown}
 j - 2 scrolls of vulnerability {unknown}
Potions
 c - a potion of invisibility
 g - a potion of lignification {unknown}
 h - a potion of curing {unknown}
 i - a potion of resistance {unknown}


   Skills:
 + Level 1.9 Short Blades
 + Level 3.3 Dodging
 + Level 5.1 Stealth
 - Level 3.0 Spellcasting
 - Level 4.0 Hexes


You had 6 spell levels left.
You knew the following spells:

 Your Spells              Type           Power      Damage    Failure   Level
a - Ensorcelled Hibernat  Hex/Ice        16%        N/A       12%         2

Your spell library contained the following spells:

 Spells                   Type           Power      Damage    Failure   Level
 Confusing Touch          Hex            15%        N/A       11%         3
 Tukima's Dance           Hex            15%        N/A       11%         3
 Dazzling Flash           Conj/Hex       16%        N/A       24%         3
 Blink                    Tloc           4%         N/A       28%         2
 Manifold Assault         Tloc           2%         N/A       99%         5
 Storm Form               Tmut/Air       1%         N/A       100%        7


Dungeon Overview and Level Annotations

Branches:
Dungeon (2/15)

Altars:


Innate Abilities, Weirdness & Mutations

You are very small and have problems with some larger weapons.
You are too small for most types of armour.
You have supernaturally acute eyesight. (SInv)
You cover ground extremely quickly. (Speed+++)


Message History

j - 2 scrolls labelled OGISTE ARIARUY
Found an escape hatch in the floor.
Found a stone staircase leading down.
A ball python comes into view.
Found 22 gold pieces.
A ball python is nearby!
A ball python is nearby!
The helpless ball python fails to defend itself.
You impale the ball python!!
You kill the ball python!
No target in view!
You now have 55 gold pieces (gained 22).
A worm comes into view.
A scorpion comes into view.
The scorpion completely misses you.
There are monsters nearby!
There are monsters nearby!
There are monsters nearby!
Casting: Ensorcelled Hibernation (safe; 12% risk of failure)
Confirm with . or Enter, or press ? or * to list all spells.
Aiming: Ensorcelled Hibernation (safe; 12% risk of failure)
Press: ? - help, Shift-Dir - straight line, f - scorpion
Aim: a scorpion (chance to affect: 41%)
The scorpion resists with some effort.
The scorpion stings you!
You are lethally poisoned!
The scorpion poisons you!
Unknown command.
Unknown command.
Casting: Ensorcelled Hibernation (safe; 12% risk of failure)
Confirm with . or Enter, or press ? or * to list all spells.
Aiming: Ensorcelled Hibernation (safe; 12% risk of failure)
Press: ? - help, Shift-Dir - straight line, f/p - scorpion
Aim: a scorpion (chance to affect: 41%)
The scorpion resists with some effort.
You feel sick. The scorpion stings you.
* * * LOW HITPOINT WARNING * * *
You are more poisoned.
The scorpion poisons you!
Unknown command.
Unknown command.
You die...

.............#
############.#
.... ####.###
..###
#......##
....#
#.####..#
..#.# # ##.##
.>#.# # #..#
....#
#..#####.##
#.###
#.....s#@.#
..#
..w.....#.#
#.#
..#####....#
#.# ##...# #.#
...# #.# ..##
#.# ..# ..#
..# ..# #..
.##


You could see a worm.

Vanquished Creatures
  An adder (D:2)
  A dart slug (D:1)
  3 ball pythons
  4 bats (D:1)
  An endoplasm (D:2)
  3 giant cockroaches
  4 hobgoblins
  2 jackals (D:2)
  A kobold (D:1)
  A quokka (D:2)
  A frilled lizard (D:1)
  A goblin (D:1)
  A rat (D:1)
24 creatures vanquished.

Notes
Turn   | Place    | Note
-------+----------+-------------------------------------------
     0 | D:1      | protoss039 the Spriggan Enchanter began the quest for the
                  | Orb.
     0 | D:1      | Reached XP level 1. HP: 9/9 MP: 5/5
   412 | D:1      | Reached XP level 2. HP: 5/13 MP: 6/6
   683 | D:1      | Learned a level 2 spell: Ensorcelled Hibernation
  1832 | D:2      | Reached skill level 5 in Stealth
  1832 | D:2      | Reached XP level 3. HP: 14/16 MP: 8/8
  2066 | D:2      | Noticed a scorpion
  2069 | D:2      | Succumbed to a scorpion's poison

Illustrated notes

Levels and vault maps discovered:
D:1:      co_arrival_square_in_a_square_in_a_square, layout_loops_corners,
          dk_noncrumbling_3, minmay_heptomino_h4
D:2:      layout_basic, kennysheep_jessica_study

Skill      XL: |  1  2 |
---------------+-------+-----
Dodging        | 3 |  3.3
Spellcasting   | 3 |  3.0
Hexes          | 4 |  4.0
Stealth        | 5 |  5.1
Short Blades   | |  1.9

Action                   || total
-------------------------++-------
Melee: Dagger            ||    89
       Punch             ||     1
 Cast: Ensorcelled Hiber ||     5
 Stab: Sleeping          ||     9
Armor: Robe              ||     9
Dodge: Dodged            ||    56
